 Dungeon Crawl Stone Soup version 0.22.0-38-g04b72b8 (webtiles) character file.

8452 HoaS the Fighter (level 11, -2/114 HPs)
             Began as a Gargoyle Berserker on Aug 27, 2018.
             Was a High Priest of Trog.
             Slain by a manticore (6 damage)
             ... on level 11 of the Dungeon.
             The game lasted 00:36:29 (10405 turns).

HoaS the Fighter (Gargoyle Berserker)              Turns: 10405, Time: 00:36:30

Health: -2/114     AC: 24    Str: 27    XL:     11   Next: 31%
Magic:  0/11       EV:  8    Int:  8    God:    Trog [*****.]
Gold:   418        SH:  3    Dex: 11    Spells: 10/10 levels left

rFire    . . .     SeeInvis .     - Unarmed
rCold    . . .     Gourm    .   (no shield)
rNeg     + . .     Faith    .   z - +0 plate armour
rPois    ∞         Spirit   .   l - +0 helmet
rElec    +         Reflect  +   w - scarf {repulsion}
rCorr    .         Harm     .   q - +0 pair of gloves
MR       ++...                  (no boots)
Stlth    ..........             h - +3 amulet of reflection
HPRegen  1.29/turn              (no ring)
MPRegen  0.12/turn              (no ring)

@: berserking, regenerating, repel missiles, very quick
A: negative energy resistance 1, electricity resistance, unbreathing,
petrification resistance, rot immunity, AC +8
a: Berserk, Trog's Hand, Brothers in Arms, Renounce Religion


You were on level 11 of the Dungeon.
You worshipped Trog.
Trog was extremely pleased with you.
You were very hungry.

You visited 1 branch of the dungeon, and saw 11 of its levels.

You collected 593 gold pieces.
You spent 175 gold pieces at shops.

Inventory:

Armour
 l - a +0 helmet (worn)
 q - a +0 pair of gloves (worn)
 w - a scarf of repulsion (worn)
 z - a +0 plate armour (worn)
Jewellery
 h - a +3 amulet of reflection (around neck)
 n - an uncursed ring of ice
Wands
 i - a wand of digging (12)
 v - a wand of iceblast (14)
 x - a wand of scattershot (5)
Scrolls
 a - a scroll of blinking
 j - 3 scrolls of teleportation
 y - 4 scrolls of remove curse
Potions
 c - a potion of curing
 d - 2 potions of haste
 e - 2 potions of agility
 f - 4 potions of heal wounds
 g - a potion of lignification
 k - a potion of might {unknown}
 m - a potion of invisibility {unknown}
 o - a potion of resistance {unknown}
 p - 2 potions of mutation
 r - a potion of cancellation {unknown}
 s - 2 potions of ambrosia
 t - a potion of flight {unknown}
 B - a potion of magic {unknown}
Comestibles
 b - 19 rations
 u - 2 chunks of flesh


   Skills:
 * Level 12.2 Fighting
 + Level 8.8 Armour
 - Level 1.5 Dodging
 * Level 11.2 Unarmed Combat


You had 10 spell levels left.
You didn't know any spells.
Your spell library was empty.

Dungeon Overview and Level Annotations

Branches:
Dungeon (11/15)            Temple (0/1) D:6            Lair (0/6) D:10
    Orc: D:9-12

Altars:
Ashenzari
Makhleb

Shops:
D:5 [   D:7 }


Innate Abilities, Weirdness & Mutations

You are resistant to torment.
Your stone body is resilient. (AC +8)
You are immune to poison.
You resist negative energy. (rN+)
You are resistant to electric shocks. (rElec)
You can survive without breathing.
You are immune to petrification.
You are immune to rotting.


Message History

The eye of draining gazes at you.
You closely miss the death knight.
The death knight is heavily wounded.
The leopard gecko bites you but does no damage.
The shadow imp hits you.
* * * LOW HITPOINT WARNING * * *
The manticore bites you!
* * * LOW HITPOINT WARNING * * *
The manticore closely misses you.
The manticore claws you but does no damage.
You hit the death knight but do no damage.
The death knight is heavily wounded.
The leopard gecko bites you but does no damage.
The death knight misses you.
The shadow imp hits you but does no damage.
You barely miss the death knight.
The death knight is heavily wounded.
The manticore bites you but does no damage.
The manticore claws you.
You die...

....# #.#########..
....# #............
....# #............
....# #...[........
<...########...)........
...............)..######
##'###.[........###≈≈≈≈#
#..>.#.........###≈≈≈≈≈≈
#....#..#####..l@p≈≈....
#....#..# #..H5≈≈.....
#...?#..# #...G....≈≈.
#....#..# #...≈..≈≈..≈
######..# #....≈≈...W≈ .
...# #.......⌠≈≈.
.......≈≈⌠..
.......≈....≈


You could see a death knight, a manticore, an eye of draining, a phantom, a
shadow imp and a leopard gecko.

Vanquished Creatures
  A deep elf archer (D:9)
  A deep elf mage (D:8)
  Joseph (D:10)
  A komodo dragon (shapeshifter) (D:9)
  The ghost of Bearstalker the Chopper, an amateur MiFi (D:4)
  2 trolls
  Prince Ribbit (D:9)
  A wraith (D:10)
  A wyvern (D:6)
  A human (D:7)
  A hungry ghost (D:9)
  4 hogs (D:7)
  3 vampire mosquitoes (D:9)
  A water moccasin (D:5)
  2 black bears
  2 ice beasts
  2 orc warriors
  4 ogres
  A necrophage (D:6)
  2 big kobolds
  4 bullfrogs
  A wyvern zombie (D:8)
  4 scorpions
  A wyvern skeleton (D:9)
  A water moccasin skeleton (D:7)
  5 killer bees
  7 howler monkeys
  5 wights (D:8)
  4 crimson imps
  2 centaur zombies
  A quasit (D:9)
  10 jellies
  6 orc priests
  3 hounds
  14 orc wizards
  4 bullfrog skeletons
  Crazy Yiuf (D:6)
  Jessica (D:3)
  2 iguanas
  9 worker ants
  2 hound skeletons
  3 howler monkey zombies
  2 worker ant zombies
  Robin (D:3)
  A howler monkey skeleton (D:4)
  14 adders
  3 gnolls (D:3)
  A shadow imp (D:9)
  An ooze (D:4)
  An adder zombie (D:7)
  An adder skeleton (D:8)
  A worm (D:3)
  3 dart slugs
  6 leopard geckos
  24 orcs
  6 bats
  7 giant cockroaches
  19 hobgoblins
  17 kobolds
  3 quokkas
  2 ball pythons
  7 frilled lizards
  15 goblins
  A jackal skeleton (D:5)
  3 leopard gecko skeletons
  A leopard gecko zombie (D:5)
  A quokka zombie (D:4)
  6 rats
270 creatures vanquished.

Vanquished Creatures (collateral kills)
  4 killer bees (D:9)
  An orc wizard (D:9)
  An adder (D:9)
6 creatures vanquished.

Grand Total: 276 creatures vanquished

Notes
Turn   | Place    | Note
-------+----------+-------------------------------------------
     0 | D:1      | HoaS the Gargoyle Berserker began the quest for the Orb.
     0 | D:1      | Reached XP level 1. HP: 14/14 MP: 1/1
   183 | D:1      | Reached XP level 2. HP: 14/19 MP: 2/2
   350 | D:1      | Reached XP level 3. HP: 23/24 MP: 3/3
   748 | D:1      | Reached skill level 4 in Fighting
   824 | D:2      | Reached ** piety under Trog
   945 | D:2      | Reached XP level 4. HP: 18/29 MP: 4/4
  1654 | D:3      | Reached *** piety under Trog
  1654 | D:3      | Reached XP level 5. HP: 20/34 MP: 5/5
  1779 | D:3      | Noticed Robin
  1796 | D:3      | Killed Robin
  2003 | D:3      | Found a shattered altar of Ashenzari.
  2354 | D:3      | Noticed Jessica
  2365 | D:3      | Killed Jessica
  2365 | D:3      | Reached skill level 5 in Fighting
  2674 | D:4      | Found a runed gate.
  2684 | D:4      | Reached XP level 6. HP: 36/40 MP: 6/6
  2688 | D:4      | Found a runed gate.
  2689 | D:4      | Found a runed gate.
  2692 | D:4      | Noticed Bearstalker's ghost (amateur MiFi)
  2916 | D:4      | Noticed an ice beast
  2930 | D:4      | Killed an ice beast
  2930 | D:4      | Reached skill level 5 in Unarmed Combat
  3409 | D:5      | Entered Level 5 of the Dungeon
  3413 | D:5      | Noticed a water moccasin
  3422 | D:5      | Killed a water moccasin
  3422 | D:5      | Reached skill level 6 in Fighting
  3422 | D:5      | Reached XP level 7. HP: 46/46 MP: 7/7
  3502 | D:5      | Found Yclixiust's Antique Armour Boutique.
  3510 | D:5      | Bought a glowing scale mail for 175 gold pieces
  4343 | D:6      | Found a runed door.
  4399 | D:6      | Found a burning altar of Makhleb.
  4432 | D:6      | Noticed a wyvern
  4451 | D:6      | Killed a wyvern
  4451 | D:6      | Reached skill level 7 in Fighting
  4451 | D:6      | Reached XP level 8. HP: 8/53 MP: 8/8
  4647 | D:6      | Reached skill level 5 in Armour
  4767 | D:6      | Found a staircase to the Ecumenical Temple.
  4883 | D:6      | Reached **** piety under Trog
  5011 | D:6      | Noticed Crazy Yiuf
  5016 | D:6      | Killed Crazy Yiuf
  5200 | D:6      | Reached skill level 8 in Fighting
  5402 | D:7      | Reached XP level 9. HP: 27/60 MP: 9/9
  6042 | D:7      | Reached skill level 9 in Fighting
  6187 | D:7      | Found Diepo's Gadget Emporium.
  7031 | D:4      | Killed Bearstalker's ghost
  7031 | D:4      | Reached skill level 10 in Fighting
  7031 | D:4      | Reached XP level 10. HP: 61/68 MP: 10/10
  7573 | D:8      | Reached ***** piety under Trog
  7644 | D:8      | Noticed a deep elf mage
  7658 | D:8      | Killed a deep elf mage
  7735 | D:9      | Noticed Prince Ribbit
  7758 | D:9      | Killed Prince Ribbit
  7758 | D:9      | Reached skill level 10 in Unarmed Combat
  7777 | D:9      | Reached skill level 11 in Fighting
  8456 | D:9      | Noticed a deep elf archer
  8491 | D:9      | Killed a deep elf archer
  8491 | D:9      | Reached XP level 11. HP: 39/76 MP: 11/11
  9491 | D:10     | Entered Level 10 of the Dungeon
  9505 | D:10     | Noticed Joseph
  9527 | D:10     | Killed Joseph
  9566 | D:10     | Found a staircase to the Lair.
  9600 | D:10     | Reached skill level 12 in Fighting
 10384 | D:11     | Noticed a death knight
 10384 | D:11     | Noticed a manticore
 10403 | D:11     | HP: 3/114 [manticore (12)]
 10405 | D:11     | Slain by a manticore

Skill      XL: |  1  2  3  4  5  6  7  8  9 10 11 |
---------------+----------------------------------+-----
Fighting       | 4 5 6 7 8 10 11 12 | 12.2
Armour         | 3 4 5 7 8 |  8.8
Unarmed Combat | 4 5 6 7 9 10 11 | 11.2
Dodging        | |  1.5

Action                   |  1- 3 |  4- 6 |  7- 9 | 10-12 || total
-------------------------+-------+-------+-------+-------++-------
Melee: Unarmed           |   155 |   269 |   393 |   442 ||  1259
       Punch             |       |     7 |    11 |    11 ||    29
Invok: Berserk           |     2 |     1 |     4 |     2 ||     9
       Trog's Hand       |       |       |     2 |     2 ||     4
       Brothers in Arms  |       |       |       |     1 ||     1
  Use: Scroll            |     4 |     9 |     4 |     4 ||    21
  Eat: Chunk             |     1 |    10 |    12 |     9 ||    32
       Ration            |       |       |     1 |     2 ||     3
Armor: Animal skin       |    65 |    65 |       |       ||   130
       Ring mail         |       |    21 |     1 |       ||    22
       Scale mail        |       |       |   193 |    14 ||   207
       Plate armour      |       |       |       |   331 ||   331
Dodge: Dodged            |   111 |   157 |   172 |   168 ||   608
       Deflected         |       |       |       |     6 ||     6
Block: Other             |       |    14 |    37 |    54 ||   105
       Reflection        |       |       |       |     3 ||     3
